 Dungeon Crawl Stone Soup version 0.21-a0-150-gc243083 (webtiles) character file.

74395 Charly the Imperceptible (level 15, -1/77 HPs)
             Began as a Spriggan Enchanter on July 26, 2017.
             Was a High Priest of Ashenzari.
             Slain by a death scarab (26 damage)
             ... on level 4 of the Spider Nest on July 27, 2017.
             The game lasted 01:54:51 (9684 turns).

Charly the Imperceptible (Spriggan Enchanter)       Turns: 9684, Time: 01:54:52

Health: -1/77      AC: 10    Str:  9    XL:     15   Next: 6%
Magic:  16/31      EV: 33    Int: 20    God:    Ashenzari [*****.]
Gold:   377        SH:  0    Dex: 20    Spells: 18/26 levels left

rFire    + . .     SeeInvis +   a - +2 dagger (elec)
rCold    . . .     Gourm    .   (shield restricted)
rNeg     . . .     Faith    .   b - +1 robe
rPois    .         Spirit   .   G - +2 hat (curse)
rElec    .         Reflect  .   J - +2 cloak of the Fifty Allies {Slay+3} (curse)
rCorr    .         Harm     .   (gloves unavailable)
MR       ++...     Clarity  +   (boots unavailable)
Stlth    +++++++++.             T - amulet of regeneration (curse)
HPRegen  0.62/turn              f - ring of protection from fire
MPRegen  0.22/turn              o - ring of magical power (curse)

@: mighty, very slightly contaminated, drained, very quick
A: unfitting armour, icy blue scales 1, see invisible, herbivore 3, speed 3, low
mp 1, slow metabolism 2
a: Curse Item, Scrying, Transfer Knowledge, Renounce Religion


You were on level 4 of the Spider Nest.
You worshipped Ashenzari.
Ashenzari was extremely pleased with you.
You were very hungry.

You visited 6 branches of the dungeon, and saw 31 of its levels.
You also visited: Ossuary and Ice Cave.

You collected 1130 gold pieces.
You spent 753 gold pieces at shops.

Inventory:

Hand Weapons
 a - a +2 dagger of electrocution (weapon)
Missiles
 t - 20 curare-tipped needles
 U - a throwing net (quivered)
Armour
 b - a +1 robe (worn)
 G - a cursed +2 hat (worn)
 J - the cursed +2 cloak of the Fifty Allies (worn) {Slay+3}
   (You found it on level 5 of the Lair of Beasts)

   It affects your accuracy and damage with ranged weapons and melee attacks
   (+3).
   It has a curse placed upon it.
Magical Staves
 A - an uncursed staff of power
Jewellery
 c - an uncursed ring of protection from cold
 f - a ring of protection from fire (left hand)
 n - an uncursed ring of positive energy
 o - a cursed ring of magical power (right hand)
 p - an uncursed ring of poison resistance
 r - an uncursed amulet of guardian spirit
 C - an uncursed ring of resist corrosion
 T - a cursed amulet of regeneration (around neck)
Wands
 j - a wand of polymorph (11/24)
 y - a wand of lightning (6/15)
 M - a wand of lightning (3/15)
 O - a wand of digging (12/24)
 P - a wand of lightning (7/15)
 S - a wand of scattershot (0/9)
 W - a wand of iceblast (4/15)
Scrolls
 e - 2 scrolls of amnesia
 k - 9 scrolls of teleportation
 q - 4 scrolls of blinking
 u - a scroll of magic mapping
 H - a scroll of vulnerability
 K - a scroll of recharging
 L - 5 scrolls of fog
 N - a scroll of fear
 Q - 2 scrolls of enchant armour
 R - a scroll of remove curse
Potions
 g - 2 potions of brilliance
 h - 2 potions of agility
 i - 2 potions of invisibility
 l - 5 potions of haste
 m - 12 potions of curing
 s - 3 potions of heal wounds
 v - 3 potions of berserk rage
 w - 2 potions of lignification
 x - 4 potions of resistance
 z - 2 potions of magic
 D - a potion of flight
 E - 2 potions of cancellation
Miscellaneous
 I - a phial of floods
Comestibles
 d - 9 bread rations
 B - 2 fruits
 V - a royal jelly


   Skills:
 + Level 7.9(7.4) Fighting
 - Level 10.0(9.5) Short Blades
 + Level 14.7(16.3) Dodging
 + Level 22.1(23.2) Stealth
 - Level 6.2(5.7) Spellcasting
 - Level 3.0(4.8) Conjurations
 - Level 10.7(12.5) Hexes
 - Level 2.0(3.5) Ice Magic
 + Level 12.3(14.0) Evocations


You had 18 spell levels left.
You knew the following spells:

 Your Spells              Type           Power        Failure   Level  Hunger
c - Confuse               Hex            ######..     1%          3    ##.....
h - Ensorcelled Hibernat  Hex/Ice        #####.       1%          2    None
s - Dazzling Spray        Conj/Hex       #####.       1%          3    ##.....


Dungeon Overview and Level Annotations

Branches:
Dungeon (15/15)            Temple (1/1) D:4            Lair (6/6) D:9
  Swamp (0/4) Lair:4       Spider (4/4) Lair:2        Slime (0/5) Lair:6
    Orc (2/2) D:9             Elf (3/3) Orc:2        Vaults (0/5) D:14
 Depths (0/5) D:15

Altars:
Ashenzari
Dithmenos
Elyvilon
Fedhas
Gozag
Hepliaklqana
Kikubaaqudgha
Makhleb
Nemelex Xobeh
Okawaru
Qazlal
Ru
Sif Muna
Trog
Uskayaw
Vehumet
Wu Jian
Xom
Yredelemnul
Zin
The Shining One
Beogh
Jiyva

Shops:
D:8 ?   D:9 =   D:10 %   D:13 %   Orc:2 (([=

Annotations:
D:3 p0werm0de's ghost, weakling DsIE
D:4 Menkaure
D:7 p0werm0de's ghost, novice DsAr
D:14 Louise
Spider:1 Kirke; Rupert
Elf:1 Aizul


Innate Abilities, Weirdness & Mutations

You are very small and have problems with some larger weapons.
You are too small for most types of armour.
You have supernaturally acute eyesight. (SInv)
You are a herbivore.
You cover ground extremely quickly.
You need consume almost no food.
You are partially covered in icy blue scales. (AC +2)
Your magical capacity is low. (-10% MP)


Message History

Aim: a death scarab (chance to defeat MR: 40%)
The death scarab resists with some effort.
The death scarab completely misses you.
Unknown command.
Casting: Confuse
Confirm with . or Enter, or press ? or * to list all spells.
Aiming: Dazzling Spray
Press: ? - help, Shift-Dir - straight line, f/p - death scarab
Aim: a death scarab The spray of energy hits the death scarab. x2
The death scarab is moderately damaged.
The death scarab bites you!
The death scarab draws strength from your injuries!
The death scarab is caught in a web!
The death scarab struggles to get unstuck from the web.
The death scarab misses you.
Unknown command.
The death scarab pulls away from the web.
The death scarab completely misses you. The death scarab bites you!!
You die...

≈,{ ,..≈≈≈≈≈≈≈≈...#....≈≈###..##
≈≈≈......#≈≈≈≈†.......#.≈≈# #...#
≈≈≈...#....^...#≈.....^.≈≈# ##...
≈≈.....................≈≈##*.....
.#.....................≈≈.#*.#.#.
..###################.#≈≈.#*...#.
s.#.#........#.....†#.≈≈≈.#*.,...
..#............ss.#.#.≈≈..# ..#.
.s#..........^.s@...#≈≈...# ....
..#...###'''''###†..##≈..^#*, #.^
s.##..#.........#†..#≈≈...# .#.
..#...#^.^s.....#...#≈≈≈#.# *...
..#...#.........#...#≈≈≈^.# , ...
..#...#.........##†.#≈≈≈..# ..#
..#.$##.........#...#.≈≈≈.# ...
.≈#...#.........#...##.≈≈^# *,..#
.≈#...#.#######(#...#..≈≈.# *...


You could see 3 death scarabs.

Vanquished Creatures
  Saint Roka (Orc:2)
  A ghost moth (Spider:4)
  4 emperor scorpions (Spider:4)
  Fannar (D:12)
  A deep elf high priest (Elf:1)
  Erolcha (D:9)
  2 centaur warriors (D:15)
  4 two-headed ogres
  A dancing weapon (Elf:3)
  4 death scarabs (Spider:4)
  2 tengu warriors
  An unseen horror (D:14)
  2 deep elf archers
  2 orc knights
  17 deep elf magi
  2 spectral wolf spiders (Spider:4)
  13 ugly things
  5 orb spiders
  5 wolf spiders
  A wolf spider zombie (Spider:4)
  2 orc sorcerers (Orc:1)
  A manticore (D:12)
  2 moths of wrath (Spider:4)
  A black mamba (Lair:6)
  Maurice (D:13)
  A gargoyle (D:13)
  6 spiny frogs
  2 centaur skeletons
  3 rime drakes
  3 komodo dragons
  6 demonic crawlers
  3 spectral redbacks (Spider:4)
  A redback zombie (Spider:4)
  A freezing wraith (D:14)
  A tengu conjurer (D:14)
  2 trolls
  14 jumping spiders
  9 slime creatures
  5 hornets (Spider:4)
  4 spectral jumping spiders (Spider:4)
  A polar bear (Lair:6)
  3 spectral tarantellas (Spider:4)
  3 jumping spider zombies (Spider:4)
  3 blink frogs (Lair:4)
  3 hippogriffs
  3 tarantella zombies (Spider:4)
  An air elemental (Elf:1)
  18 redbacks
  2 water elementals (Elf:1)
  2 wyverns (Lair:5)
  A vampire (D:15)
  6 yaks (Lair:4)
  A wraith (D:12)
  9 tarantellas
  2 hungry ghosts
  A steam dragon (Lair:6)
  6 vampire mosquitoes
  3 wargs
  An acid dragon (D:12)
  7 water moccasins
  A spectral hornet (Spider:4)
  An ice beast (D:7)
  A black bear (D:9)
  36 orc warriors
  5 sky beasts
  A necrophage (D:14)
  A wolf (Lair:5)
  7 ogres
  2 centaurs
  A big kobold (D:9)
  5 crocodiles
  10 bullfrogs
  A wyvern skeleton (D:15)
  2 scorpions
  5 crimson imps
  A bullfrog zombie (D:7)
  3 hounds
  3 jellies
  24 orc priests
  11 orc wizards
  2 bullfrog skeletons
  Natasha (D:4)
  6 worker ants
  Robin (D:4)
  6 adders
  2 shadow imps
  An adder zombie (D:6)
  3 leopard geckos
  69 orcs
  A bat (D:1)
  2 giant cockroaches
  A jackal (D:4)
  6 kobolds
  2 ball pythons
  3 goblins
  4 rats
445 creatures vanquished.

Vanquished Creatures (collateral kills)
  A dancing weapon (Elf:1)
  An orc warrior (Orc:2)
  An orc (Orc:2)
3 creatures vanquished.

Vanquished Creatures (others)
  2 orcs (Orc:2)
  4 fungi (Lair:6)
  6 plants (Lair:6)
12 creatures vanquished.

Grand Total: 460 creatures vanquished

Notes
Turn   | Place    | Note
-------+----------+-------------------------------------------
     0 | D:1      | Charly the Spriggan Enchanter began the quest for the Orb.
     0 | D:1      | Reached XP level 1. HP: 9/9 MP: 5/5
   261 | D:2      | Reached XP level 2. HP: 13/13 MP: 4/6
   271 | D:2      | Learned a level 2 spell: Ensorcelled Hibernation
   395 | D:3      | Noticed p0werm0de's ghost (weakling DsIE)
   552 | D:4      | Noticed Robin
   564 | D:4      | Noticed Menkaure
   581 | D:4      | Found a sand-covered staircase.
   590 | Ossuary  | Entered an ossuary
   637 | Ossuary  | Noticed a flying skull
   637 | Ossuary  | Noticed a wraith
   647 | Ossuary  | Noticed a flying skull
   647 | Ossuary  | Noticed p0werm0de's ghost (amateur DsIE)
   654 | Ossuary  | Noticed a flying skull
   676 | Ossuary  | Noticed a flying skull
   689 | Ossuary  | Noticed a flying skull
   807 | D:5      | Entered Level 5 of the Dungeon
   836 | D:5      | Noticed a sky beast
   862 | D:5      | Reached skill level 5 in Stealth
   875 | D:5      | Noticed an ice beast
   887 | D:5      | Reached skill level 1 in Ice Magic
   906 | D:5      | Noticed a sky beast
   944 | D:5      | Killed a sky beast
   944 | D:5      | Reached skill level 6 in Stealth
   944 | D:5      | Reached skill level 5 in Hexes
   944 | D:5      | Reached XP level 3. HP: 16/16 MP: 1/8
   944 | D:5      | Reached XP level 4. HP: 21/21 MP: 1/9
   951 | D:5      | Learned a level 3 spell: Confuse
  1008 | D:5      | Killed a sky beast
  1008 | D:5      | Reached skill level 7 in Stealth
  1008 | D:5      | Reached XP level 5. HP: 24/24 MP: 1/11
  1013 | D:5      | Learned a level 3 spell: Dazzling Spray
  1363 | D:7      | Reached XP level 6. HP: 28/28 MP: 8/12
  1365 | D:7      | You fall through a shaft for 3 floors!
  1365 | D:10     | Entered Level 10 of the Dungeon
  1428 | D:10     | Reached skill level 8 in Stealth
  1475 | D:10     | Noticed a hippogriff
  1488 | D:10     | Killed a hippogriff
  1488 | D:10     | Reached skill level 1 in Conjurations
  1488 | D:10     | Reached XP level 7. HP: 32/32 MP: 8/13
  1495 | D:10     | Found Pasche's Food Boutique.
  1676 | D:9      | Found a white marble altar of Elyvilon.
  1725 | D:9      | Noticed a two-headed ogre
  1734 | D:9      | Found a staircase to the Orcish Mines.
  1785 | D:9      | Reached skill level 9 in Stealth
  1827 | D:8      | Noticed a hungry ghost
  1830 | D:8      | Killed a hungry ghost
  2026 | D:7      | Noticed p0werm0de's ghost (novice DsAr)
  2044 | D:7      | Reached skill level 10 in Stealth
  2106 | D:5      | Noticed a rust devil
  2106 | D:5      | Noticed a rust devil
  2110 | D:6      | Reached XP level 8. HP: 36/36 MP: 12/15
  2139 | D:4      | Killed Robin
  2273 | D:4      | Noticed Natasha
  2282 | D:4      | Killed Natasha
  2357 | D:4      | Found a staircase to the Ecumenical Temple.
  2362 | Temple   | Entered the Ecumenical Temple
  2403 | Temple   | Became a worshipper of Ashenzari the Shackled
  2482 | D:3      | You fall through a shaft for 3 floors!
  2529 | D:8      | Noticed a two-headed ogre
  2550 | D:8      | Found Vooll's Magic Scroll Emporium.
  2558 | D:8      | Bought a scroll of blinking for 97 gold pieces
  2558 | D:8      | Bought a scroll of fog for 26 gold pieces
  2630 | D:9      | Reached skill level 11 in Stealth
  2663 | D:9      | Found a staircase to the Lair.
  2674 | Lair:1   | Entered Level 1 of the Lair of Beasts
  2765 | Lair:3   | Reached XP level 9. HP: 40/40 MP: 0/16
  2789 | Lair:3   | Noticed a catoblepas
  2800 | Lair:3   | Noticed a death yak
  2801 | Lair:3   | Noticed a death yak
  2801 | Lair:3   | Noticed a death yak
  2802 | Lair:3   | Noticed a death yak
  2803 | Lair:3   | Noticed a death yak
  2865 | Lair:2   | Found a hole to the Spider Nest.
  2871 | Lair:2   | Noticed a komodo dragon
  2872 | Lair:2   | Noticed a spiny frog
  2874 | Lair:2   | Killed a komodo dragon
  2874 | Lair:2   | Reached skill level 12 in Stealth
  2874 | Lair:2   | Reached skill level 5 in Spellcasting
  2887 | Lair:2   | Killed a spiny frog
  2956 | Lair:3   | Noticed a komodo dragon
  2967 | Lair:3   | Killed a komodo dragon
  2967 | Lair:3   | Reached skill level 10 in Hexes
  2986 | Lair:3   | Noticed a rime drake
  2987 | Lair:3   | Found a frozen archway.
  2987 | Lair:3   | Noticed a rime drake
  2993 | Lair:3   | Killed a rime drake
  2993 | Lair:3   | Reached skill level 13 in Stealth
  2995 | Lair:3   | Killed a rime drake
  2995 | Lair:3   | Reached XP level 10. HP: 44/44 MP: 16/20
  2998 | IceCv    | Entered an ice cave
  3027 | Lair:4   | Reached skill level 1 in Fighting
  3049 | Lair:3   | Reached * piety under Ashenzari
  3082 | Lair:4   | Found a staircase to the Swamp.
  3083 | Lair:4   | Noticed a six-headed hydra
  3117 | Lair:4   | Reached skill level 5 in Dodging
  3158 | Lair:4   | Reached skill level 14 in Stealth
  3164 | Lair:4   | Noticed a spiny frog
  3178 | Lair:4   | Noticed an eight-headed hydra
  3239 | Lair:5   | Noticed an elephant
  3313 | Lair:5   | Noticed a spiny frog
  3323 | Lair:5   | Killed a spiny frog
  3376 | Lair:6   | Entered Level 6 of the Lair of Beasts
  3376 | Lair:6   | Noticed a spiny frog
  3376 | Lair:6   | Noticed a death yak
  3429 | Lair:5   | Noticed a spiny frog
  3438 | Lair:5   | Noticed an elephant
  3445 | Lair:5   | Got the uncursed cloak of the Fifty Allies {Slay+3}
  3463 | Lair:5   | Identified the +2 cloak of the Fifty Allies {Slay+3} (You found it on level 5 of the Lair of Beasts)
  3549 | Lair:6   | Reached skill level 1 in Evocations
  3567 | Lair:6   | Noticed a spiny frog
  3574 | Lair:6   | Killed a spiny frog
  3592 | Lair:6   | Noticed a black mamba
  3596 | Lair:6   | Reached skill level 5 in Short Blades
  3699 | Lair:6   | Reached ** piety under Ashenzari
  3710 | Lair:6   | Gained mutation: Your spells are a little easier to cast, but a little less powerful. [potion of mutation]
  3710 | Lair:6   | Gained mutation: You are robust. (+10% HP) [potion of mutation]
  3711 | Lair:6   | Lost mutation: Your spells are a little easier to cast, but a little less powerful. [potion of mutation]
  3711 | Lair:6   | Lost mutation: You are robust. (+10% HP) [potion of mutation]
  3711 | Lair:6   | Gained mutation: Your magical capacity is low. (-10% MP) [potion of mutation]
  3711 | Lair:6   | Gained mutation: You are partially covered in icy blue scales. (AC +2) [potion of mutation]
  3734 | Lair:6   | Killed a black mamba
  3749 | Lair:6   | Noticed a death yak
  3749 | Lair:6   | Noticed a death yak
  3752 | Lair:6   | Noticed a death yak
  3752 | Lair:6   | Noticed a death yak
  3753 | Lair:6   | Noticed a death yak
  3771 | Lair:6   | Killed a spiny frog
  3775 | Lair:6   | Reached XP level 11. HP: 52/52 MP: 19/19
  3790 | Lair:6   | Reached skill level 15 in Stealth
  3823 | Lair:6   | Noticed a five-headed hydra
  3828 | Lair:6   | Noticed a seven-headed hydra
  3881 | Lair:6   | Found a staircase to the Slime Pits.
  3882 | Lair:6   | Found a viscous altar of Jiyva.
  4122 | D:12     | Reached skill level 5 in Evocations
  4132 | D:11     | Found a shadowy altar of Dithmenos.
  4257 | D:14     | Noticed a tengu warrior
  4272 | D:14     | Killed a tengu warrior
  4290 | D:14     | Noticed Louise
  4349 | D:13     | Noticed Maurice
  4355 | D:13     | Killed Maurice
  4355 | D:13     | Reached skill level 16 in Stealth
  4423 | D:14     | Noticed a centaur warrior
  4441 | D:14     | Found a gate to the Vaults.
  4441 | D:14     | Noticed a necromancer
  4441 | D:14     | Noticed a two-headed ogre
  4441 | D:14     | Noticed a necromancer
  4441 | D:14     | Noticed a two-headed ogre
  4441 | D:14     | Noticed a two-headed ogre
  4441 | D:14     | Noticed a red ugly thing
  4441 | D:14     | Noticed a red ugly thing
  4441 | D:14     | Noticed a red ugly thing
  4441 | D:14     | Noticed a red ugly thing
  4443 | D:14     | Killed a red ugly thing
  4475 | D:14     | Killed a red ugly thing
  4559 | D:14     | Killed a red ugly thing
  4563 | D:14     | Killed a red ugly thing
  4586 | D:14     | Noticed a cyan ugly thing
  4586 | D:14     | Noticed a cyan ugly thing
  4586 | D:14     | Noticed a cyan ugly thing
  4586 | D:14     | Noticed a cyan ugly thing
  4616 | D:14     | Killed a cyan ugly thing
  4621 | D:14     | Killed a green ugly thing
  4656 | D:15     | Entered Level 15 of the Dungeon
  4656 | D:15     | Noticed a two-headed ogre
  4669 | D:15     | Reached skill level 17 in Stealth
  4678 | D:15     | Killed a two-headed ogre
  4678 | D:15     | Reached XP level 12. HP: 56/56 MP: 7/20
  4736 | D:15     | Noticed a centaur warrior
  4748 | D:14     | Found a shattered altar of Ashenzari.
  4783 | D:14     | Noticed a two-headed ogre
  4784 | D:14     | Killed a two-headed ogre
  4844 | D:15     | Noticed a tengu warrior
  4848 | D:15     | Noticed a centaur warrior
  4849 | D:15     | Killed a tengu warrior
  4849 | D:15     | Reached skill level 10 in Dodging
  4855 | D:15     | Killed a centaur warrior
  4949 | D:15     | Found a staircase to the Depths.
  4991 | D:15     | Noticed a centaur warrior
  4995 | D:15     | Killed a centaur warrior
  4995 | D:15     | Reached skill level 18 in Stealth
  5062 | D:15     | Reached skill level 19 in Stealth
  5112 | D:13     | Noticed a centaur warrior
  5271 | D:9      | Killed a two-headed ogre
  5274 | Orc:1    | Entered Level 1 of the Orcish Mines
  5373 | D:9      | Found Zeitt's Jewellery Shoppe.
  5563 | Orc:2    | Entered Level 2 of the Orcish Mines
  5704 | Orc:2    | Found a staircase to the Elven Halls.
  5802 | Orc:2    | Found a roughly hewn altar of Beogh.
  5813 | Orc:2    | Noticed a two-headed ogre
  5843 | Orc:2    | Found a roughly hewn altar of Beogh.
  5859 | Orc:2    | Reached XP level 13. HP: 63/63 MP: 8/21
  5882 | Orc:2    | Reached *** piety under Ashenzari
  6027 | Orc:2    | Noticed Saint Roka
  6107 | Orc:2    | Reached skill level 10 in Evocations
  6146 | Orc:2    | Found a roughly hewn altar of Beogh.
  6189 | Orc:2    | Reached skill level 5 in Fighting
  6256 | Orc:2    | Found Fuomp's Antique Weapon Boutique.
  6256 | Orc:2    | Found a roughly hewn altar of Beogh.
  6257 | Orc:2    | Found Begivaim's Antique Armour Shop.
  6283 | Orc:2    | Killed Saint Roka
  6340 | Orc:2    | Reached skill level 20 in Stealth
  6373 | Orc:2    | Found a roughly hewn altar of Beogh.
  6374 | Orc:2    | Found Ijautoargh's Jewellery Emporium.
  6395 | Orc:2    | Bought an uncursed ring of magical power for 240 gold pieces
  6467 | Orc:2    | Found Vuot's Antique Weapon Emporium.
  6754 | D:9      | Bought an uncursed amulet of guardian spirit for 390 gold pieces
  7140 | D:12     | Noticed Fannar
  7145 | D:12     | Killed Fannar
  7283 | D:13     | Found Norar's Food Emporium.
  7539 | D:9      | Noticed Erolcha
  7554 | D:9      | Killed Erolcha
  7688 | Orc:1    | Reached **** piety under Ashenzari
  7772 | Orc:2    | Found a roughly hewn altar of Beogh.
  7794 | Elf:1    | Entered Level 1 of the Elven Halls
  7936 | Elf:1    | Noticed Aizul
  8096 | Elf:1    | Reached skill level 10 in Short Blades
  8241 | Elf:2    | Reached XP level 14. HP: 70/70 MP: 1/22
  8254 | Elf:2    | Reached skill level 21 in Stealth
  8308 | Elf:3    | Entered Level 3 of the Elven Halls
  8659 | Spider:1 | Entered Level 1 of the Spider Nest
  8692 | Spider:1 | Noticed an entropy weaver
  8698 | Spider:1 | Noticed Rupert
  8811 | Spider:1 | Noticed Kirke
  8887 | Spider:4 | Entered Level 4 of the Spider Nest
  8890 | Spider:4 | Reached ***** piety under Ashenzari
  8906 | Spider:4 | Noticed an emperor scorpion
  8916 | Spider:4 | Killed an emperor scorpion
  9081 | Spider:4 | Noticed an emperor scorpion
  9141 | Spider:4 | Killed an emperor scorpion
  9237 | Spider:4 | Noticed an emperor scorpion
  9271 | Spider:4 | Killed an emperor scorpion
  9486 | Spider:4 | Noticed an emperor scorpion
  9489 | Spider:4 | Noticed a ghost moth
  9493 | Spider:4 | Killed an emperor scorpion
  9499 | Spider:4 | Killed a ghost moth
  9584 | Spider:4 | Reached skill level 22 in Stealth
  9625 | Spider:4 | Reached XP level 15. HP: 48/77 MP: 19/22
  9684 | Spider:4 | Slain by a death scarab

Vault maps used:
D:1:      dpeg_arrival_boxorama
D:2:      item_on_display_a
D:3:      first_bread
D:4:      temple_doors_ab, nicolae_ossuary_entry_ruins, kennysheep_cross_room,
          grunt_ministairs_9, columned_hall_lemuel, uniq_natasha, uniq_menkaure,
          uniq_robin
D:5:      cheibrodos_iron_armory
D:6:      lemuel_flamethrower_1
D:7:      marbit_many_paths, grunt_ogre_cave
D:8:      serial_shops, nicolae_shop_temple_entry_statues_fountains,
          minmay_splitting_lines
D:9:      grunt_lair_entry_orc_guard_hut, orc_0_dummy, serial_shops,
          nicolae_shop_waterfront, st_stairs_5, elyvilon_altar_4, uniq_erolcha
D:10:     serial_shops, nicolae_shop_behind_doors, minmay_gold_behind_fungi
D:11:     grunt_dithmenos_smoke
D:12:     uniq_fannar
D:13:     serial_shops, shop, uniq_maurice
D:14:     david_vaults_1, evilmike_ruin_ashenzari, kennysheep_generic_room_11,
          uniq_louise
D:15:     hangedman_depths_entry_try_elsewhere_first,
          lemuel_coloured_pillars_altar, serial_park_tiny_2, uniq_nessos
Temple:   kilobyte_greek_temple
Lair:1:   lemuel_slime
Lair:2:   spider_nest_entry_webs, bobbens_dragon_lair_wall
Lair:3:   portal_ice_cave_rime
Lair:4:   swamp_mist, grunt_megastairs_5
Lair:5:   kennysheep_abandoned_house
Lair:6:   hangedman_lair_caniforms_friends, wormcave, slime_altar_1,
          guppyfry_lair_drakes
Spider:1: uniq_kirke, uniq_rupert
Spider:4: floodkiller_spider_rune_tomb, uniq_arachne
Orc:2:    grunt_orc_community_town_hall, grunt_orc_community_big_house_1,
          grunt_orc_community_big_house_1, grunt_orc_community_house_1,
          grunt_orc_community_house_1, grunt_orc_community_house_1,
          grunt_orc_community_house_2, grunt_orc_community_house_1
Elf:1:    kennysheep_underground_church, nicolae_elf_w_pinch, uniq_aizul
Elf:3:    elf_hall_gauntlet_wide, serial_glass, glass_columns_a,
          glass_columns_a, uniq_mara
Ossuary:  ossuary_due_cavern
IceCv:    ice_cave_small_necro

Skill      XL: |  1  2  3  4  5  6  7  8  9 10 11 12 13 14 |
---------------+-------------------------------------------+-----
Hexes          | 4 5 6 7 9 10 | 10.7
Stealth        | 6 7 8 10 11 13 14 17 19 20 22 | 22.1
Ice Magic      | 1 2 |  2.0
Spellcasting   | 3 4 6 |  6.2
Short Blades   | 2 3 5 6 7 10 | 10.0
Conjurations   | 1 3 |  3.0
Fighting       | 3 4 6 7 |  7.9
Dodging        | 7 9 11 12 14 | 14.7
Evocations     | 3 9 10 12 | 12.3

Action                   |  1- 3 |  4- 6 |  7- 9 | 10-12 | 13-15 || total
-------------------------+-------+-------+-------+-------+-------++-------
Melee: Dagger            |    49 |    24 |    77 |   291 |   745 ||  1186
 Cast: Corona            |     5 |       |       |       |       ||     5
       Ensorcelled Hiber |    11 |     8 |    33 |    73 |    51 ||   176
       Confuse           |       |     2 |     5 |    17 |    25 ||    49
       Dazzling Spray    |       |       |     2 |    15 |    80 ||    97
Invok: Curse Item        |       |       |     2 |       |     2 ||     4
       Scrying           |       |       |       |     3 |     1 ||     4
Evoke: Wand              |     1 |     5 |     4 |     2 |     9 ||    21
       Phial of floods   |       |       |       |       |     2 ||     2
  Use: Scroll            |     7 |       |     9 |     8 |    10 ||    34
       Potion            |       |       |       |     3 |     7 ||    10
 Stab: Sleeping          |    10 |     7 |    33 |    85 |    79 ||   214
       Confused          |       |     4 |     2 |    13 |    16 ||    35
       Invisible         |       |       |     4 |    12 |    36 ||    52
       Paralysed         |       |       |       |     1 |       ||     1
       Distracted        |       |       |       |     1 |     1 ||     2
  Eat: Fruit             |     3 |       |     2 |       |       ||     5
       Royal jelly       |       |     1 |     1 |     1 |     1 ||     4
Armor: Robe              |     7 |       |     3 |    15 |    64 ||    89
Dodge: Dodged            |    63 |    20 |    90 |   243 |   719 ||  1135
